 Dungeon Crawl Stone Soup version 0.31-a0-1529-g7bd419a0e5 (webtiles) character file.

Game seed: 3439203146082328142

158 wildpjah the Sneak (level 5, -13/26 HPs)
             Began as a Vine Stalker Brigand on Dec 31, 2023.
             Killed from afar by Ijyb (21 damage)
             ... with a bolt of acid
             ... on level 4 of the Dungeon.
             The game lasted 00:03:39 (2515 turns).

wildpjah the Sneak (Vine Stalker Brigand)           Turns: 2515, Time: 00:03:40

Health: -13/26     AC:  0    Str: 14    XL:     5   Next: 40%
Magic:  0/6        EV: 12    Int: 11    God:
Gold:   185        SH:  0    Dex: 17    Spells: 4/4 levels left

rFire   . . .        q - +0 dagger (speed)
rCold   . . .        (no shield)
rNeg    . . .        b - +0 robe
rPois   .            (no helmet)
rElec   .            c - +0 cloak
rCorr   .            o - +0 pair of gloves
SInv    .            (no boots)
Will    .....        (no amulet)
Stlth   ++++         (no ring)
HPRegen 1.04/turn    (no ring)
MPRegen 0.10/turn

%: guardian spirit
@: corroded
A: fangs 2, regeneration 1, magic shield, antimagic bite, no potion heal 2
a: no special abilities


You were on level 4 of the Dungeon.
You visited 1 branch of the dungeon, and saw 4 of its levels.

You collected 185 gold pieces.

Inventory:

Hand Weapons
 a - a +2 dagger
 l - a +1 short sword of freezing
 q - a +0 dagger of speed (weapon)
 v - a +0 great sword
Missiles
 d - 7 poisoned darts (quivered)
 e - 3 curare-tipped darts
Armour
 b - a +0 robe (worn)
 c - a +0 cloak (worn)
 o - a +0 pair of gloves (worn)
Jewellery
 g - a ring of positive energy
Wands
 s - a wand of paralysis (12)
Scrolls
 f - a scroll of blinking {unknown}
 h - a scroll of immolation {unknown}
 i - 2 scrolls of identify {unknown}
 m - 2 scrolls of brand weapon {unknown}
 p - a scroll of revelation {unknown}
 r - a scroll of teleportation {unknown}
 t - a scroll of fog {unknown}
Potions
 j - a potion of degeneration {unknown}
 k - a potion of cancellation {unknown}
 n - 2 potions of curing {unknown}
 u - a potion of enlightenment {unknown}


   Skills:
 + Level 2.1 Fighting
 + Level 2.3 Short Blades
 + Level 2.0 Throwing
 + Level 1.3 Dodging
 * Level 7.3 Stealth


You had 4 spell levels left.
You didn't know any spells.
Your spell library contained the following spells:

 Spells                   Type           Power      Damage    Failure   Level
 Inner Flame              Hex/Fire       0%         N/A       71%         3
 Irradiate                Conj/Alch      0%         3d11      100%        5
 Ignition                 Fire           0%         3d3       100%        8


Dungeon Overview and Level Annotations

Branches:
Dungeon (4/15)
 Temple: D:4-7

Altars:
Trog
The Shining One

Shops:
D:4 (

Annotations:
D:4 Ijyb


Innate Abilities, Weirdness & Mutations

You have extremely sharp teeth.
Your natural rate of healing is unusually fast.
When hurt, damage is shared between your health and your magic reserves.
Your bite disrupts and absorbs the magic of your enemies.
Potions cannot restore your health.


Message History

Ijyb moves out of view.
A black bear comes into view.
You see here a +0 great sword.
v - a +0 great sword Ijyb hits you with a +2 dagger of speed.
Ijyb screams, "Me kill you!"
Throw: 9 darts (poison)
Press: ? - help, Q - select action, (/) - cycle Shift-Dir - straight line, f - Ijyb
Aim: Ijyb, wielding a +2 dagger of speed, wearing a +0 leather armour and carrying a wand of acid (51% to hit)
You throw a poisoned dart. The poisoned dart closely misses Ijyb.
Ijyb hits you with a +2 dagger of speed.
Throw: 8 darts (poison)
Press: ? - help, Q - select action, (/) - cycle Shift-Dir - straight line, f/p - Ijyb
Aim: Ijyb, wielding a +2 dagger of speed, wearing a +0 leather armour and carrying a wand of acid (51% to hit)
You throw a poisoned dart. The poisoned dart hits Ijyb.
Ijyb is poisoned.
Ijyb barely misses you.
You hit Ijyb but do no damage. You bite Ijyb. You drain her power.
You feel invigorated.
Ijyb is lightly wounded.
Ijyb hits you with a +2 dagger of speed.
Ijyb zaps a wand.
The bolt of acid hits you!!
Ouch! That really hurt!
The acid corrodes you!
You hit Ijyb but do no damage. Your bite misses Ijyb.
Ijyb is moderately wounded.
Your +1 short sword of freezing stops glowing.
Your hands tingle!
q - a +0 dagger of speed (weapon)
Ijyb hits you with a +2 dagger of speed.
* * * LOW HITPOINT WARNING * * *
You hit Ijyb but do no damage. You bite Ijyb, but do no damage.
Ijyb is moderately wounded.
Ijyb zaps a wand.
The bolt of acid misses you.
You hit Ijyb but do no damage. You bite Ijyb, but do no damage.
Ijyb is moderately wounded.
You hit Ijyb but do no damage. Your bite misses Ijyb.
Ijyb is moderately wounded.
Ijyb zaps a wand.
The bolt of acid hits you!!
Ouch! That really hurt!
You die...

.................. ...#
##.####.######..(. ....
#. ##...## #.... ...
..##.....####...# ..#
####........# ...##.##.#
#'#....#.# #.......##
#.#...##.# #.....h...
###.######.##.#g#....##.
+..∩..'.......#@#.....#
###.####.#.####.##...##
#.####.#.####.###....
#+#....#..........###.
#...#########........
##### #########


You could see Ijyb (poisoned).

Vanquished Creatures
  An orc wizard (D:3)
  3 adders
  2 dart slugs
  A ribbon worm (D:2)
  6 orcs (D:3)
  4 endoplasms
  15 giant cockroaches
  9 goblins
  3 hobgoblins
  7 jackals
  8 kobolds
  3 quokkas
  5 ball pythons
  6 bats
  4 frilled lizards
  7 rats
84 creatures vanquished.

Notes
Turn   | Place    | Note
-------+----------+-------------------------------------------
     0 | D:1      | wildpjah the Vine Stalker Brigand began the quest for the
                  | Orb.
     0 | D:1      | Reached XP level 1. HP: 11/11 MP: 2/2
   115 | D:1      | Reached skill level 5 in Stealth
   169 | D:1      | Reached XP level 2. HP: 15/15 MP: 1/3
   431 | D:1      | Reached skill level 1 in Dodging
   487 | D:1      | Reached XP level 3. HP: 16/18 MP: 2/4
  1115 | D:2      | Reached skill level 6 in Stealth
  1177 | D:2      | Found a faded altar of an unknown god.
  1260 | D:2      | Reached XP level 4. HP: 23/23 MP: 5/5
  2007 | D:3      | Found a glowing golden altar of the Shining One.
  2098 | D:3      | Reached skill level 7 in Stealth
  2118 | D:3      | Found a bloodstained altar of Trog.
  2233 | D:3      | Reached XP level 5. HP: 26/26 MP: 6/6
  2471 | D:4      | Found Vogheon's Antique Weapon Shop.
  2503 | D:4      | Noticed Ijyb
  2504 | D:4      | Noticed a black bear
  2515 | D:4      | Killed from afar by Ijyb

Illustrated notes

Levels and vault maps discovered:
D:1:      dpeg_arrival_arbitrary_a, layout_loops_corners,
          kennysheep_another_room
D:2:      minmay_roachtagon, layout_loops_ring,
          hellmonk_ecumenical_altar_zigzags, nrook_campfire,
          guppyfry_early_lair_pool
D:3:      layout_rooms, bloody_trog, tso_metal_star
D:4:      layout_loops_corners, okawaru_gym_becter,
          nicolae_gozag_cash_rules_everything_around_me, fedhas_altar_2,
          minmay_temple_entry_trees, serial_shops, nicolae_shop_hallway_plus,
          uniq_ijyb

Skill      XL: |  1  2  3  4 |
---------------+-------------+-----
Stealth        | 5 6 7 |  7.3
Short Blades   | 2 |  2.3
Dodging        | 1 |  1.3
Throwing       | 2 |  2.0
Fighting       | 2 |  2.1

Action                     |  1- 3 |  4- 6 || total
---------------------------+-------+-------++-------
  Melee: Dagger            |   100 |     3 ||   103
         Bite              |    15 |    34 ||    49
         Short sword       |     1 |   111 ||   112
  Throw: Dart              |       |     2 ||     2
   Stab: Sleeping          |    14 |    11 ||    25
         Distracted        |       |     1 ||     1
 Armour: Robe              |    46 |    45 ||    91
  Dodge: Dodged            |    46 |    45 ||    91

Table legend: (Time is in decaauts)
 A = Elapsed time spent in this place.
 B = Non-inter-level travel time spent in this place.
 C = Inter-level travel time spent in this place.
 D = Time resting spent in this place.
 E = Time spent auto-exploring this place.
 F = Levels seen in this place.
 G = Mean time per level.
                   A        B        C        D        E       F      G
               +--------+--------+--------+--------+--------+-----+--------+
         Total |   2490 |   2384 |    106 |      0 |   1835 |   4 |  622.5 |
       Dungeon |   2490 |   2384 |    106 |      0 |   1835 |   4 |  622.5 |
               +--------+--------+--------+--------+--------+-----+--------+

Top non-repeatable levels by time:
     D:1: 1028 daAuts
     D:2: 917 daAuts
     D:3: 380 daAuts
     D:4: 164 daAuts
